 Dungeon Crawl Stone Soup version 0.28-a0-1510-gd0f6b136d3 (webtiles) character file.

Game seed: 14002048900087469401

1731 Conn the Sneak (level 9, -2/52 HPs)
             Began as an Octopode Fire Elementalist on Jan 15, 2022.
             Shot with a bolt by a kobold brigand (11 damage)
             ... on level 9 of the Dungeon.
             The game lasted 00:11:37 (5954 turns).

Conn the Sneak (Octopode Fire Elementalist)         Turns: 5954, Time: 00:11:37

Health: -2/52      AC:  1    Str:  7    XL:     9   Next: 5%
Magic:  17/18      EV: 13    Int: 21    God:
Gold:   180        SH:  0    Dex: 13    Spells: 7/20 levels left

rFire   . . .      SeeInvis .   p - +9 dagger of Vyatopny {vamp, *Rage rElec rC+ rN+}
rCold   + . .      Faith    .   (no shield)
rNeg    + . .      Spirit   .   (helmet restricted)
rPois   .          Reflect  .   (no amulet)
rElec   +          Harm     .   (no ring)
rCorr   .          Rampage  .   (no ring)
Will    .....      Rage     20% (no ring)
Stlth   ++++......              (no ring)
HPRegen 0.17/turn               (no ring)
MPRegen 0.16/turn               (no ring)
                                (no ring)
                                (no ring)

@: no status effects
A: almost no armour, amphibious, 8 rings, camouflage 1, gelatinous body 1,
(nimble swimmer 1), tentacles
a: no special abilities


You were on level 9 of the Dungeon.
You visited 1 branch of the dungeon, and saw 7 of its levels.

You collected 180 gold pieces.

Inventory:

Hand Weapons
 b - a +0 short sword
 h - a +0 vampiric dagger
 m - a +2 flail of protection
 p - the +9 dagger of Vyatopny (weapon) {vamp, *Rage rElec rC+ rN+}
   (You found it on level 5 of the Dungeon)

   It occasionally heals its wielder for a portion of the damage dealt when it
   wounds a living foe.
   rC:        It protects you from cold.
   rElec:     It insulates you from electricity.
   rN:        It protects you from negative energy.
   *Rage:     It berserks you when you make melee attacks (+20% chance).
Missiles
 n - a throwing net
Wands
 i - a wand of polymorph (19)
 k - a wand of iceblast (8)
 q - a wand of flame (12)
Scrolls
 a - a scroll of enchant weapon {unknown}
 c - a scroll of immolation
 d - a scroll of summoning
 f - 2 scrolls of teleportation {unknown}
 g - 2 scrolls of vulnerability {unknown}
Potions
 e - 6 potions of curing {unknown}
 l - a potion of brilliance
 o - a potion of heal wounds


   Skills:
 + Level 0.9 Fighting
 + Level 3.3 Short Blades
 + Level 2.7 Dodging
 + Level 6.2 Stealth
 + Level 6.1 Spellcasting
 + Level 4.6 Conjurations
 + Level 1.5 Hexes
 + Level 5.8 Fire Magic


You had 7 spell levels left.
You knew the following spells:

 Your Spells              Type           Power      Damage    Failure   Level
a - Foxfire               Conj/Fire      100%       2x1d9     1%          1
b - Conjure Flame         Conj/Fire      28%        6-21      3%          3
c - Inner Flame           Hex/Fire       21%        N/A       6%          3
d - Flame Wave            Conj/Fire      28%        2d6       11%         4
e - Scorch                Fire           62%        2d8       1%          2

Your spell library contained the following spells:

 Spells                   Type           Power      Damage    Failure   Level
 Dazzling Flash           Conj/Hex       38%        N/A       9%          3
 Corpse Rot               Necr/Air       12%        N/A       14%         2
 Poisonous Vapours        Pois/Air       12%        N/A       14%         2
 Silence                  Hex/Air        4%         N/A       89%         5
 Agony                    Necr           6%         N/A       95%         5


Dungeon Overview and Level Annotations

Branches:
Dungeon (6/15)
 Temple: D:4-7

Altars:
Ashenzari
Kikubaaqudgha
Okawaru
Ru
Trog
Wu Jian


Innate Abilities, Weirdness & Mutations

You cannot wear most types of armour.
You are amphibious.
You can wear up to eight rings at the same time.
Your skin changes colour to match your surroundings (Stealth+).
Your rubbery body absorbs attacks. (AC +1, EV +1)
((You are camouflaged when in or above water. (Stealth+)))
You have tentacles for arms and can constrict up to eight enemies at once.


Message History

The killer bee zombie barely misses you.
The killer bee zombie closely misses you.
Casting: Foxfire (safe; 1% risk of failure)
Confirm with . or Enter, or press ? or * to list all spells.
Okay, then.
Unknown command.
Unknown command.
The killer bee zombie hits you.
You are confused.
You feel invigorated. The killer bee zombie misses you.
You bump into the rock wall.
The killer bee zombie hits you.
The killer bee zombie barely misses you.
The killer bee zombie hits you. The killer bee zombie hits you!
You bump into the rock wall.
The killer bee zombie barely misses you.
The kobold brigand unwields a +0 hand crossbow.
The kobold brigand wields a +0 whip.
The kobold brigand hits you with a +0 whip.
You bump into the rock wall.
The kobold brigand barely misses you.
A yak comes into view.
The kobold brigand unwields a +0 whip.
The kobold brigand wields a +0 hand crossbow.
The kobold brigand shoots a bolt.
The bolt hits you!
You bump into the rock wall.
You feel less invigorated.
You feel less confused.
A yak comes into view.
The kobold brigand shoots a bolt.
The bolt hits you!
Casting: Foxfire (safe; 1% risk of failure)
Confirm with . or Enter, or press ? or * to list all spells.
The fire begins to smoulder!
The kobold brigand shoots a bolt.
The bolt completely misses you.
The kobold brigand shoots a bolt.
The bolt hits you!
* * * LOW HITPOINT WARNING * * *
The fire ignites!
The kobold brigand shoots a bolt.
The bolt hits you!
* * * LOW HITPOINT WARNING * * *
There is a stone staircase leading down here.
The kobold brigand shoots a bolt.
The bolt hits you!
You die...

##..#.. ##########.## .......
##...........# ......#
#............# ......#
#.......>....# ....... ......#
##............# ...... ......#
#.............# ≈..)Y
......###..≈≈≈........# #.)..
......'....≈..........#.. ##....
......#####≈....@.....#..≈##≈....
####### ###########K#........).
#.#.......... #.########''#
#.....KYYKYY# #############


You could see a kobold brigand.

Vanquished Creatures
  Grinder (D:3)
  Sigmund (D:3)
  A yak (D:9)
  Edmund (D:4)
  An ogre (D:5)
  Blork the orc (D:4)
  A bullfrog (D:6)
  A gnoll sergeant (D:5)
  3 scorpions
  2 water moccasin skeletons (D:5)
  4 hounds (D:5)
  Crazy Yiuf (D:5)
  An orc priest (D:4)
  2 centaur skeletons (D:5)
  2 iguanas
  Natasha (D:3)
  2 orc wizards
  Robin (D:4)
  5 gnolls (D:5)
  4 adders
  An ufetubus (D:5)
  4 worms
  A dart slug (D:3)
  7 orcs
  9 ball pythons
  2 endoplasms (D:1)
  A giant cockroach (D:2)
  10 goblins
  8 hobgoblins
  3 jackals (D:4)
  3 quokkas
  4 bats
  4 frilled lizards
  12 kobolds
  4 rats
109 creatures vanquished.

Vanquished Creatures (collateral kills)
  A foxfire (D:1)
1 creature vanquished.

Vanquished Creatures (others)
  435 foxfires
435 creatures vanquished.

Grand Total: 545 creatures vanquished

Notes
Turn   | Place    | Note
-------+----------+-------------------------------------------
     0 | D:1      | Conn the Octopode Fire Elementalist began the quest for the
                  | Orb.
     0 | D:1      | Reached XP level 1. HP: 11/11 MP: 3/3
   223 | D:1      | Reached XP level 2. HP: 7/17 MP: 0/5
   683 | D:1      | Found a faded altar of an unknown god.
  1040 | D:2      | Reached XP level 3. HP: 21/21 MP: 6/6
  1674 | D:2      | Reached XP level 4. HP: 27/27 MP: 4/7
  2360 | D:3      | Found a broken altar of Ashenzari.
  2409 | D:3      | Found a sacrificial altar of Ru.
  2938 | D:3      | Noticed Grinder
  2939 | D:3      | Noticed Natasha
  2950 | D:3      | Noticed Sigmund
  2963 | D:3      | Learned a level 3 spell: Conjure Flame
  2966 | D:3      | Learned a level 2 spell: Scorch
  2976 | D:3      | Reached XP level 5. HP: 31/31 MP: 4/9
  2979 | D:3      | Killed Sigmund
  2980 | D:3      | Reached XP level 6. HP: 36/36 MP: 0/11
  3094 | D:3      | Learned a level 3 spell: Inner Flame
  3105 | D:3      | Killed Grinder
  3106 | D:3      | Reached skill level 1 in Short Blades
  3106 | D:3      | Reached skill level 5 in Stealth
  3106 | D:3      | Reached XP level 7. HP: 42/42 MP: 1/12
  3205 | D:3      | Killed Natasha
  3265 | D:3      | Found an ornate altar of the Wu Jian Council.
  3667 | D:4      | Noticed Blork the orc
  3675 | D:4      | Killed Blork the orc
  3763 | D:4      | Noticed Robin
  3780 | D:4      | Killed Robin
  3889 | D:3      | Learned a level 4 spell: Flame Wave
  3928 | D:4      | Reached skill level 1 in Hexes
  4112 | D:4      | Noticed Edmund
  4131 | D:4      | Killed Edmund
  4132 | D:4      | Reached skill level 5 in Fire Magic
  4132 | D:4      | Reached XP level 8. HP: 36/47 MP: 1/15
  4280 | D:4      | Found an ancient bone altar of Kikubaaqudgha.
  4364 | D:4      | Identified the +0 robe "Bunaaqac" {Drain rElec rC- Str+5}
  4444 | D:5      | Entered Level 5 of the Dungeon
  4654 | D:5      | Reached skill level 5 in Spellcasting
  4786 | D:5      | Identified the +9 dagger of Vyatopny {vamp, *Rage rElec rC+
                  | rN+}
  5569 | D:5      | Found a runed translucent door.
  5570 | D:5      | Noticed Crazy Yiuf
  5591 | D:5      | Killed Crazy Yiuf
  5822 | D:5      | Found a bloodstained altar of Trog.
  5879 | D:6      | You fall into a shaft and drop 3 floors!
  5881 | D:9      | Found an iron altar of Okawaru.
  5921 | D:9      | Noticed a yak
  5923 | D:9      | Noticed a yak
  5928 | D:9      | Noticed a yak
  5929 | D:9      | Killed a yak
  5930 | D:9      | Reached XP level 9. HP: 41/52 MP: 6/18
  5954 | D:9      | Shot with a bolt by a kobold brigand

Illustrated notes

Levels and vault maps discovered:
D:1:      giann_bridges, layout_rooms, hellmonk_ecumenical_altar_zigzags
D:2:      layout_loops_ring, serial_rivers, chequers_serial_rivers_micro_b,
          chequers_serial_rivers_micro_c, chequers_serial_rivers_marsh,
          chequers_serial_rivers_small_3, chequers_serial_rivers_large_b,
          chequers_serial_rivers_micro_d
D:3:      layout_basic, nicolae_wu_jian_glorious_leap, lemuel_doored_altar,
          nicolae_ru_great_annihilating_truth, uniq_grinder, uniq_sigmund,
          uniq_natasha
D:4:      layout_rooms, mainiacjoe_overflow_alcove_2, uniq_robin, uniq_edmund,
          uniq_blork_the_orc
D:5:      layout_basic, lightli_temple_of_fire, minmay_misc_feat_encased,
          uniq_crazy_yiuf_cottage
D:6:      layout_rooms, minmay_temple_entry_poolview
D:9:      layout_roguey, okawaru_metal_pillars_1_2, gammafunk_ghost_hive,
          serial_shops, nicolae_shop_waterfront, st_stairs_8,
          chequers_serial_rivers_micro_c, kennysheep_dice

Skill      XL: |  1  2  3  4  5  6  7  8 |
---------------+-------------------------+-----
Stealth        | 3 4 5 6 |  6.2
Conjurations   | 2 3 4 |  4.6
Spellcasting   | 3 4 6 |  6.1
Fire Magic     | 4 5 |  5.8
Short Blades   | 1 2 3 |  3.3
Hexes          | 1 |  1.5
Fighting       | |  0.9
Dodging        | |  2.7

Action                   |  1- 3 |  4- 6 |  7- 9 || total
-------------------------+-------+-------+-------++-------
Melee: Unarmed           |     5 |       |       ||     5
       Short sword       |    12 |     8 |       ||    20
       Constrict         |     4 |     3 |     7 ||    14
       Tentacles         |     4 |     2 |     8 ||    14
       Dagger            |       |     7 |    37 ||    44
 Cast: Foxfire           |    64 |    41 |   153 ||   258
       Inner Flame       |       |     1 |     5 ||     6
       Conjure Flame     |       |     1 |     4 ||     5
  Use: Potion            |       |       |     3 ||     3
       Scroll            |       |       |     5 ||     5
 Stab: Sleeping          |     3 |     4 |     5 ||    12
       Distracted        |     1 |       |       ||     1
Armor: Skin              |     2 |       |     1 ||     3
Dodge: Dodged            |    16 |    13 |    34 ||    63

Table legend: (Time is in decaauts)
 A = Elapsed time spent in this place.
 B = Non-inter-level travel time spent in this place.
 C = Inter-level travel time spent in this place.
 D = Time resting spent in this place.
 E = Time spent auto-exploring this place.
 F = Levels seen in this place.
 G = Mean time per level.
                   A        B        C        D        E       F      G
               +--------+--------+--------+--------+--------+-----+--------+
         Total |   5964 |   5834 |    130 |    204 |   4437 |   7 |  852.0 |
       Dungeon |   5964 |   5834 |    130 |    204 |   4437 |   7 |  852.0 |
               +--------+--------+--------+--------+--------+-----+--------+

Top non-repeatable levels by time:
     D:5: 1430 daAuts
     D:3: 1300 daAuts
     D:2: 1299 daAuts
     D:1: 950 daAuts
     D:4: 893 daAuts
     D:9: 74 daAuts
     D:6: 14 daAuts
